Map: Odyssey LE

Players

MYWAY

  • Race: Terran Terran
  • League: Master
  • Spawn Location: 5:00

Flood - Winner!

  • Race: Zerg Zerg
  • League: Grandmaster
  • Spawn Location: 11:00

VOD

Have the link to the VOD?

Description

Time

  • Played on: Aug. 14, 2017, 12:14 p.m.
  • Length: 4:18
Show
View Real Time Build Order
Export as new Build Order

MYWAY Terran 

Build Orders: Reaper Expand 

Get SALT Encoding   

  12  0:01  SCV  
  13  0:13  SCV  
  14  0:17  Supply Depot  
  14  0:25  SCV  
  15  0:39  SCV  
  15  0:41  Barracks  
  16  0:46  Refinery  
  16  0:51  SCV  
  17  1:03  SCV  
  18  1:15  SCV  
  19  1:30  Reaper, Orbital Command  
  20  1:39  Command Center  
  20  1:50  Supply Depot  
  20  1:56  SCV  
  21  2:02  Marine  
  21  2:06  Factory  
  22  2:09  SCV  
  22  2:14  Refinery  
  23  2:21  SCV  
  24  2:24  Barracks Reactor  
  23  2:33  SCV  
  23  2:35  Bunker  
  24  2:42  Marine  
  25  2:46  SCV  
  25  2:48  Supply Depot  
  25  2:58  SCV  
  26  3:10  SCV, Barracks Reactor  
  27  3:14  Command Center  
  27  3:18  Hellion  
  29  3:22  Bunker, SCV  
  30  3:34  SCV  
  30  3:41  Cyclone  
  34  3:46  SCV  
  35  3:49  Marine  
  35  3:50  Marine  
  36  4:00  SCV  
Show
View Real Time Build Order
Export as new Build Order

Flood Zerg - Winner!

Build Orders: Pool First 

Get SALT Encoding   

  12  0:01  Drone  
  13  0:09  Drone  
  13  0:12  Extractor  
  13  0:17  Drone  
  14  0:35  Spawning Pool  
  13  0:37  Drone  
  14  0:47  Overlord  
  14  0:54  Extractor  
  14  0:56  Drone  
  15  1:22  Zergling x6  
  15  1:24  Metabolic Boost  
  18  1:27  Queen  
  20  1:34  Zergling x2  
  21  1:53  Hatchery  
  20  1:58  Zergling x2  
  20  1:59  Zergling x2  
  22  2:11  Overlord  
  22  2:42  Zergling x2  
  22  2:43  Zergling x8  
  27  2:57  Zergling x2  
  27  3:06  Evolution Chamber, Zergling x4  
  28  3:13  Zergling x2  
  28  3:19  Zergling x2  
  30  3:20  Zergling x2  
  31  3:31  Zergling x8  
  34  3:50  Zergling x2  
  34  3:51  Zergling x6  
Tags
 
Add a new tag
Caveats
  • Supply blocks, unpowered buildings, or Contaminate may cause inaccurate times.
  • Supply counts are checked every 10 seconds.